 Dungeon Crawl Stone Soup version 0.28.0-43-g3370ac3207 (webtiles) character file.

Game seed: 12632939378051784632

203 Revguard the Chopper (level 5, -5/41 HPs)
             Began as a Demonspawn Gladiator on Mar 14, 2022.
             Was a Believer of Okawaru.
             Slain by Terence
             ... wielding a +0 hand axe of electrocution
              (20 damage)
             ... on level 2 of the Dungeon.
             The game lasted 00:03:43 (1552 turns).

Revguard the Chopper (Demonspawn Gladiator)         Turns: 1552, Time: 00:03:45

Health: -5/41      AC: 13    Str: 16    XL:     5   Next: 51%
Magic:  3/5        EV: 11    Int:  9    God:    Okawaru [**....]
Gold:   51         SH:  4    Dex: 15    Spells: 4/4 levels left

rFire   . . .      SeeInvis .   a - +0 war axe
rCold   . . .      Faith    .   (no shield)
rNeg    . . .      Spirit   .   i - +0 chain mail
rPois   .          Reflect  .   c - +0 helmet
rElec   .          Harm     .   h - +0 cloak
rCorr   .          Rampage  .   (no gloves)
Will    .....                   (no boots)
Stlth   +.........              (no amulet)
HPRegen 0.13/turn               (no ring)
MPRegen 0.09/turn               (no ring)

@: heroic
A: claws 2, sturdy frame 1, condensation shield
a: Renounce Religion, Heroism


You were on level 2 of the Dungeon.
You worshipped Okawaru.
Okawaru was pleased with you.
You visited 1 branch of the dungeon, and saw 2 of its levels.

You collected 51 gold pieces.

Inventory:

Hand Weapons
 a - a +0 war axe (weapon)
Missiles
 d - 3 throwing nets (quivered)
Armour
 c - a +0 helmet (worn)
 h - a +0 cloak (worn)
 i - a +0 chain mail (worn)
Scrolls
 g - a scroll of immolation {unknown}
Potions
 b - a potion of degeneration {unknown}
 e - a potion of brilliance {unknown}
 f - a potion of berserk rage {unknown}


   Skills:
 + Level 3.0(8.0) Fighting
 * Level 3.8(8.8) Axes
 - Level 1.7(6.7) Throwing
 * Level 2.6(7.6) Armour
 + Level 3.4(8.4) Dodging
 + Level 0.1 Invocations


You had 4 spell levels left.
You didn't know any spells.
Your spell library contained the following spells:

 Spells                   Type           Power      Damage    Failure   Level
 Blink                    Tloc           0%         N/A       99%         2
 Lesser Beckoning         Tloc           0%         N/A       100%        3
 Manifold Assault         Tloc           0%         N/A       100%        5


Dungeon Overview and Level Annotations

Branches:
Dungeon (2/15)

Altars:
Ashenzari
Okawaru

Annotations:
D:2 Terence


Innate Abilities, Weirdness & Mutations

You have very sharp fingernails.
Your movements are slightly less encumbered by armour. (ER -2)
A meltable shield of frost defends you. (SH +4)


Message History

Okawaru accepts your kill.
You now have 51 gold pieces (gained 11).
Terence and a goblin come into view.
Terence is wielding a +0 hand axe of electrocution.
The goblin shouts!
The goblin drinks a potion.
The goblin flickers and vanishes!
Deactivating autopickup; reactivate with Ctrl-A.
You slash Terence!
Terence is moderately wounded.
Terence hits you but does no damage.
You hit Terence.
Terence is heavily wounded.
You block Terence's attack.
Terence hits you with a +0 hand axe of electrocution.
You hit Terence.
Terence is severely wounded.
You block Terence's attack.
You barely miss Terence.
Terence is severely wounded.
Terence hits you with a +0 hand axe of electrocution.
You are electrocuted!!
You closely miss Terence.
Terence is severely wounded.
Terence hits you but does no damage.
Terence hits you with a +0 hand axe of electrocution.
You barely miss Terence.
Terence is severely wounded.
Terence hits you but does no damage.
You gain the combat prowess of a mighty hero.
You block Terence's attack.
You hit Terence.
Terence is almost dead.
Terence misses you.
You closely miss Terence.
Terence is almost dead.
You block Terence's attack.
You hit Terence but do no damage.
Terence is almost dead.
Terence hits you but does no damage.
You are electrocuted!!
You die...

......#.###........#
..._..#..#..########
............##
......###....#####
......# ##.......#
.#.#.......##..####
.......#...###....####
...########....##
..........@@.....#
.....##############
...#


You could see Terence.

Vanquished Creatures
  Sigmund (D:2)
  A worm (D:2)
  2 dart slugs (D:2)
  3 endoplasms
  2 giant cockroaches (D:1)
  6 goblins
  2 hobgoblins (D:1)
  5 kobolds
  A quokka (D:2)
  6 ball pythons
  5 bats
  4 frilled lizards
  2 rats (D:1)
40 creatures vanquished.

Notes
Turn   | Place    | Note
-------+----------+-------------------------------------------
     0 | D:1      | Revguard the Demonspawn Gladiator began the quest for the
                  | Orb.
     0 | D:1      | Reached XP level 1. HP: 16/16 MP: 1/1
   168 | D:1      | Gained mutation: You have sharp fingernails. [demonic
                  | ancestry]
   168 | D:1      | Reached XP level 2. HP: 20/22 MP: 2/2
   237 | D:1      | Found a faded altar of an unknown god.
   345 | D:1      | Reached skill level 1 in Armour
   360 | D:1      | Prayed at the altar of an unknown god.
   360 | D:1      | Became a worshipper of Warmaster Okawaru
   360 | D:1      | Reached * piety under Okawaru
   873 | D:1      | Gained mutation: A meltable shield of frost defends you.
                  | (SH +4) [demonic ancestry]
   873 | D:1      | Reached XP level 3. HP: 27/27 MP: 3/3
  1162 | D:2      | Noticed Sigmund
  1173 | D:2      | Killed Sigmund
  1173 | D:2      | Reached ** piety under Okawaru
  1174 | D:2      | Gained mutation: Your movements are slightly less
                  | encumbered by armour. (ER -2) [demonic ancestry]
  1174 | D:2      | Reached XP level 4. HP: 13/35 MP: 1/4
  1174 | D:2      | Gained mutation: You have very sharp fingernails. [demonic
                  | ancestry]
  1174 | D:2      | Reached XP level 5. HP: 15/41 MP: 1/5
  1416 | D:2      | Found a broken altar of Ashenzari.
  1541 | D:2      | Noticed Terence
  1552 | D:2      | Slain by Terence

Illustrated notes

Levels and vault maps discovered:
D:1:      wheals_arrival_linesprint, layout_loops_ring,
          chequers_ecumenical_altar_simple_redux, st_stairs_11
D:2:      layout_rooms, basic_altar, ebering_dispersal_statue_hall,
          grunt_decor_arrowhead, uniq_terence, uniq_sigmund

Skill      XL: |  1  2  3 |
---------------+----------+-----
Armour         | 1 2 |  2.6
Axes           | 3 |  3.8
Dodging        | 3 |  3.4
Fighting       | 3 |  3.0
Throwing       | |  1.7
Invocations    | |  0.1

Action                   |  1- 3 |  4- 6 || total
-------------------------+-------+-------++-------
Melee: War axe           |    59 |    30 ||    89
       Punch             |       |     1 ||     1
Invok: Heroism           |     1 |     1 ||     2
Armor: Leather armour    |    22 |       ||    22
       Chain mail        |     2 |    15 ||    17
Dodge: Dodged            |    49 |    17 ||    66
Block: Other             |     1 |     9 ||    10
